 Dungeon Crawl Stone Soup version 0.25-a0-577-ga4619f409e (webtiles) character file.

Game seed: 2528163083138009646, levelgen mode: deterministic

447 Flugslaktarn the Chopper (level 6, -6/56 HPs)
             Began as a Minotaur Fighter on Mar 2, 2020.
             Was an Initiate of Gozag.
             Mangled by Prince Ribbit (7 damage)
             ... on level 5 of the Dungeon.
             The game lasted 00:01:34 (2591 turns).

Flugslaktarn the Chopper (Minotaur Fighter)         Turns: 2591, Time: 00:01:35

Health: -6/56      AC: 13    Str: 23    XL:     6   Next: 73%
Magic:  5/5        EV:  4    Int:  5    God:    Gozag
Gold:   78         SH: 10    Dex:  9    Spells: 5/5 levels left

rFire    . . .     SeeInvis .   a - +0 war axe
rCold    . . .     Gourm    .   c - +0 kite shield
rNeg     . . .     Faith    .   u - -2 plate armour (curse)
rPois    .         Spirit   .   (helmet restricted)
rElec    .         Reflect  .   (no cloak)
rCorr    .         Harm     .   m - +1 pair of gloves
MR       .....                  j - +0 pair of boots
Stlth    ..........             (no amulet)
HPRegen  0.18/turn              (no ring)
MPRegen  0.09/turn              (no ring)

@: no status effects
A: retaliatory headbutt, horns 2
a: Potion Petition, Call Merchant, Bribe Branch, Renounce Religion


You were on level 5 of the Dungeon.
You worshipped Gozag.
Gozag was noncommittal.
You were hungry.

You visited 1 branch of the dungeon, and saw 5 of its levels.

You collected 146 gold pieces.
You paid 68 gold pieces to Gozag.

Inventory:

Hand Weapons
 a - a +0 war axe (weapon)
Armour
 b - a +0 scale mail
 c - a +0 kite shield (worn)
 j - a +0 pair of boots (worn)
   (You found it on level 3 of the Dungeon)
 m - a +1 pair of gloves (worn)
   (You found it on level 4 of the Dungeon)
 u - a cursed -2 plate armour (worn)
   (You found it on level 5 of the Dungeon)
Jewellery
 r - an uncursed ring of fire {unknown}
   (You found it on level 5 of the Dungeon)
Wands
 v - a wand of digging (3)
   (You found it on level 4 of the Dungeon)
Scrolls
 g - a scroll of remove curse {unknown}
 l - 3 scrolls of teleportation {unknown}
 n - 2 scrolls of identify {unknown}
 q - a scroll of fear {unknown}
 s - a scroll of fog {unknown}
 t - a scroll of magic mapping {unknown}
Potions
 d - a potion of might
 f - a potion of curing {unknown}
 i - a potion of lignification {unknown}
 k - a potion of flight {unknown}
 o - a potion of invisibility {unknown}
 p - a potion of ambrosia
 w - a potion of brilliance {unknown}
Comestibles
 e - 11 rations


   Skills:
 + Level 5.2 Fighting
 * Level 5.8 Axes
 + Level 5.2 Armour
 + Level 5.2 Shields


You had 5 spell levels left.
You didn't know any spells.
Your spell library was empty.

Dungeon Overview and Level Annotations

Branches:
Dungeon (5/15)
 Temple: D:4-7

Altars:
Elyvilon
Gozag
Qazlal

Annotations:
D:4 2 runed translucent doors, Flugslaktarn's ghost, weakling DDFi
D:5 Prince Ribbit


Innate Abilities, Weirdness & Mutations

You reflexively headbutt those who attack you in melee.
You have a pair of horns on your head.


Message History

* * * LOW HITPOINT WARNING * * *
Prince Ribbit hits you but does no damage.
You bump into the rock wall.
You feel less invigorated.
You feel less confused. Prince Ribbit hits you!
* * * LOW HITPOINT WARNING * * *
Prince Ribbit hops awkwardly around.
You block Prince Ribbit's attack.
Evoke which item? (* to show all) (? for menu, Esc to quit)
Okay, then.
You closely miss Prince Ribbit.
Prince Ribbit is heavily wounded.
You block Prince Ribbit's attack. Prince Ribbit hits you!
* * * LOW HITPOINT WARNING * * *
You closely miss Prince Ribbit.
Prince Ribbit is heavily wounded.
Prince Ribbit hits you but does no damage.
Prince Ribbit hits you!
You die...
Your body crumbles into a pile of gold.

.. #.# ### ### ##.#
#.######.. ## ... ..####
#......... .. ..
#....###########.##.
###.#.###...............(###
#.............####..###.....
#......##.F@...# #..###.##..
#............#.# #...##.##..
#......$..####.###.#.##.##..
......###.##.....###.##.###.
##.######.#.8...8.#.....# #.
# #.^..#.......#..#### #.
#........_.....## ##
#....#.......#.# #.
#....#.8...8.#.# #.


You could see Prince Ribbit.

Vanquished Creatures
  An ogre (D:5)
  A hound (D:4)
  An orc priest (D:4)
  4 orc wizards (D:4)
  2 worker ants (D:5)
  A gnoll (D:5)
  A howler monkey skeleton (D:4)
  4 adders
  An ooze (D:4)
  3 adder skeletons (D:4)
  A worm (D:5)
  A dart slug (D:1)
  2 leopard geckos
  7 orcs
  2 giant cockroaches
  7 goblins
  4 hobgoblins
  13 jackals
  2 quokkas (D:4)
  3 bats
  2 frilled lizards
  4 kobolds
  A leopard gecko skeleton (D:4)
  A quokka skeleton (D:5)
  4 rats
73 creatures vanquished.

Notes
Turn   | Place    | Note
-------+----------+-------------------------------------------
     0 | D:1      | Flugslaktarn the Minotaur Fighter began the quest for the
                  | Orb.
     0 | D:1      | Reached XP level 1. HP: 19/19 MP: 0/0
    51 | D:1      | Reached XP level 2. HP: 22/27 MP: 1/1
   165 | D:1      | Reached XP level 3. HP: 18/33 MP: 2/2
   409 | D:1      | You fall into a shaft and drop 1 floor!
   546 | D:2      | Found a stormy altar of Qazlal.
   817 | D:4      | Reached XP level 4. HP: 34/40 MP: 3/3
   934 | D:4      | Found a white marble altar of Elyvilon.
  1035 | D:4      | Reached XP level 5. HP: 44/47 MP: 4/4
  1151 | D:4      | Reached skill level 5 in Axes
  1171 | D:4      | HP: 2/47 [something (4)]
  1173 | D:4      | Reached XP level 6. HP: 1/55 MP: 5/5
  1663 | D:4      | Found a large runed translucent door.
  1663 | D:4      | Found a large runed translucent door.
  1667 | D:4      | Noticed Flugslaktarn's ghost (weakling DDFi)
  1904 | D:5      | Entered Level 5 of the Dungeon
  1922 | D:5      | Reached skill level 5 in Fighting
  1922 | D:5      | Reached skill level 5 in Shields
  2071 | D:5      | Reached skill level 5 in Armour
  2233 | D:5      | Found an opulent altar of Gozag.
  2556 | D:5      | Became a worshipper of Gozag Ym Sagoz the Greedy
  2566 | D:5      | Noticed Prince Ribbit
  2581 | D:5      | HP: 1/56 [Prince Ribbit (4)]
  2590 | D:5      | HP: 1/56 [Prince Ribbit (10)]
  2591 | D:5      | Mangled by Prince Ribbit

Levels and vault maps discovered:
D:1:      lightli_arrival_quake, layout_basic, minmay_misc_feat_four_crosses,
          st_stairs_13
D:2:      layout_loops_ring, grunt_qazlal_clouds
D:3:      layout_basic, chequers_temple_overflow_statue_of_worship,
          hangedman_abyss_or_decor_stabs
D:4:      layout_loops_ring, ebering_ghost_disaster_area, elyvilon_altar_3
D:5:      layout_loops_cross, grunt_gozag_statues, first_ration,
          ebering_ghost_disaster_area, basic_altar,
          minmay_fractal_squares_diagonal_5, uniq_prince_ribbit1

Skill      XL: |  1  2  3  4  5  6 |
---------------+-------------------+-----
Axes           | 3 4 5 |  5.8
Fighting       | 4 5 |  5.2
Shields        | 4 5 |  5.2
Armour         | 4 5 |  5.2

Action                   |  1- 3 |  4- 6 || total
-------------------------+-------+-------++-------
Melee: War axe           |    86 |   114 ||   200
       Headbutt          |     9 |    18 ||    27
  Use: Scroll            |       |     2 ||     2
       Potion            |       |     1 ||     1
  Eat: Chunk             |       |     5 ||     5
Armor: Scale mail        |    54 |    57 ||   111
       Plate armour      |       |    10 ||    10
Dodge: Dodged            |    37 |    28 ||    65
Block: Kite shield       |    51 |    66 ||   117

Table legend:
 A = Non-vault XP
 B = Vault XP
 C = Vault XP percentage of total XP
 D = Non-vault monster count
 E = Vault monster count
 F = Vault count percentage of total count
                 A         B        C        D         E       F
            +---------+---------+-------+---------+---------+-------
      Total |     610 |      29 |   4.5 |      67 |       6 |   8.2
            +---------+---------+-------+---------+---------+-------
        D:1 |      50 |       2 |   3.8 |      28 |       1 |   3.4
        D:2 |      12 |       0 |   0.0 |       8 |       0 |   0.0
        D:3 |      17 |       0 |   0.0 |       3 |       0 |   0.0
        D:4 |     347 |       0 |   0.0 |      24 |       0 |   0.0
        D:5 |     184 |      27 |  12.8 |       4 |       5 |  55.6
            +---------+---------+-------+---------+---------+-------
